 Dungeon Crawl Stone Soup version 0.29.1-15-g9cfb28693d (webtiles) character file.

Game seed: 4783733793981798872

2964 leafyfresh the Transmogrifier (level 9, -1/55 (62) HPs)
             Began as an Octopode Delver on Mar 3, 2023.
             Was a Follower of Ashenzari.
             Slain by a wight
             ... wielding a +0 spear
              (4 damage)
             ... on level 8 of the Dungeon.
             The game lasted 00:22:16 (10515 turns).

leafyfresh the Transmogrifier (Octopode Delver)    Turns: 10515, Time: 00:22:16

HP:   -1/55 (62)    AC:  2    Str: 18    XL:     9   Next: 82%
MP:   5/9           EV: 14    Int: 16    God:    Ashenzari [*.....]
Gold: 496           SH:  0    Dex: 13    Spells: 3/8 levels left

rFire   + . .      SeeInvis .   J - +5 falchion
rCold   . . .      Faith    .   (no shield)
rNeg    . . .      Spirit   .   t - +1 hat
rPois   .          Reflect  .   H - amulet of regeneration
rElec   .          Harm     .   i - ring "Gaze Upon Infinity" {rF+, Self, Fort} (curse)
rCorr   +          Rampage  .   p - ring of the Esoteric Pleiades {rCorr, Evo, Elem} (curse)
Will    .....                   s - ring of resist corrosion
Stlth   +++++.....              z - +6 ring of strength
HPRegen 0.98/turn               a - ring of wizardry
MPRegen 0.11/turn               (no ring)
                                (no ring)
                                (no ring)

@: heavily drained
A: almost no armour, amphibious, 8 rings, camouflage 1, gelatinous body 1,
(nimble swimmer 1), tentacles
a: Renounce Religion, Curse Item, Shatter the Chains


You were on level 8 of the Dungeon.
You worshipped Ashenzari.
Ashenzari was aware of your devotion.
You visited 2 branches of the dungeon, and saw 9 of its levels.

You collected 496 gold pieces.

Inventory:

Hand Weapons
 v - a +0 mace of protection
 J - a +5 falchion (weapon)
Missiles
 u - 15 poisoned darts (quivered)
 G - 2 silver boomerangs
Armour
 t - a +1 hat (worn)
 y - a +1 buckler
 I - the +1 helmet of Death Resistance {Int+4}
   (You found it on level 6 of the Dungeon)

   Int:       It affects your intelligence (+4).
Jewellery
 a - a ring of wizardry (on tentacle)
 i - the cursed ring "Gaze Upon Infinity" (left tentacle) {rF+, Self, Fort}
   (You found it on level 3 of the Dungeon)

   [ring of protection from fire]

   rF:        It protects you from fire.
   It has a curse which improves the following skills: Introspection: Fighting
   and Spellcasting.
   Fortitude: Shields.
 p - the cursed ring of the Esoteric Pleiades (right tentacle) {rCorr, Evo, Elem}
   (You found it on level 2 of the Dungeon)

   [ring of resist corrosion]

   rCorr:     It protects you from acid and corrosion.
   It has a curse which improves the following skills: Evocations: Evocations.
   Elements:  Fire Magic, Ice Magic, Air Magic and Earth Magic.
 s - a ring of resist corrosion (on tentacle)
 z - a +6 ring of strength (on tentacle)
 H - an amulet of regeneration (around mantle)
Wands
 f - a wand of digging (3)
 h - a wand of acid (6)
 C - a wand of flame (14)
Scrolls
 c - 3 scrolls of magic mapping
 d - a scroll of fear
 e - a scroll of torment
 k - a scroll of butterflies
 l - a scroll of blinking
 n - 2 scrolls of teleportation
 w - 4 scrolls of immolation
 x - 2 scrolls of amnesia
 B - a scroll of noise
Potions
 b - a potion of lignification
 g - 3 potions of curing
 j - 2 potions of attraction
 m - 2 potions of invisibility
 o - a potion of berserk rage
 q - 3 potions of brilliance
 r - a potion of flight
 D - a potion of resistance


   Skills:
 - Level 5.1(5.9) Fighting
 - Level 2.2 Short Blades
 - Level 4.5 Dodging
 - Level 9.0 Stealth
 + Level 5.5 Unarmed Combat
 - Level 9.5 Transmutations


You had 3 spell levels left.
You knew the following spells:

 Your Spells              Type           Power      Damage    Failure   Level
a - Blade Hands           Tmut           15%        N/A       6%          5

Your spell library contained the following spells:

 Spells                   Type           Power      Damage    Failure   Level
 Portal Projectile        Hex/Tloc       0%         N/A       28%         3
 Tukima's Dance           Hex            0%         N/A       28%         3
 Airstrike                Air            0%         2d(0-16)  65%         4
 Summon Lightning Spire   Summ/Air       0%         N/A       65%         4
 Lightning Bolt           Conj/Air       0%         1d11      93%         5


Dungeon Overview and Level Annotations

Branches:
Dungeon (8/15)             Temple (1/1) D:4
   Lair: D:8-11

Altars:
Ashenzari
Elyvilon
Gozag
Kikubaaqudgha
Makhleb
Okawaru
Qazlal
Ru
Uskayaw
Wu Jian
Zin

Shops:
D:4 *   D:6 (   D:7 [


Innate Abilities, Weirdness & Mutations

You cannot wear most types of armour.
You are amphibious.
You can wear up to eight rings at the same time.
Your skin changes colour to match your surroundings (Stealth+).
Your rubbery body absorbs attacks. (AC +1, EV +1)
((You are camouflaged when in or above water. (Stealth+)))
You have tentacles for arms and can constrict up to eight enemies at once.


Message History

Something hits you but does no damage.
You slash something! You closely miss something.
Something hits you but does no damage.
You slice something!!
Reactivating autopickup.
You feel a bit more experienced.
Your Unarmed Combat skill increases to level 5!
You see here a sky beast corpse.
The wight barely misses you.
There is a stone staircase leading up here.
You barely miss the wight. You grab the wight. You constrict the wight.
The wight hits you with a +0 hand axe!
The wight hits you from afar with a +0 spear!
You feel drained.
You slash the wight!
The wight is severely damaged.
Your main tentacles revert to their normal proportions.
Your +5 falchion unmelds from your body.
You constrict the wight. The wight hits you with a +0 hand axe.
You feel drained.
The wight hits you from afar with a +0 spear!
You feel drained.
You hit the wight.
The wight is almost destroyed.
You constrict the wight, but do no damage.
The wight barely misses you.
The wight hits you from afar with a +0 spear.
You feel drained.
Unknown command.
You hit the wight.
You destroy the wight!
The wight hits you from afar with a +0 spear.
* * * LOW HITPOINT WARNING * * *
The wight hits you from afar with a +0 spear.
* * * LOW HITPOINT WARNING * * *
You feel drained.
The wight hits you from afar with a +0 spear!
* * * LOW HITPOINT WARNING * * *
You feel drained.
You die...

#### ... # ..#
#.### ..+
#....###..#+#
######........#
........)#.......
.......†@#.z.....
.........#z..#...
.........z.......
.(.......##......
.........# ..##..
.......... .z# ##
....##.... ....
..#.##


You could see a wight.

Vanquished Creatures
  A hornet (D:7)
  Edmund (D:4)
  A water moccasin (D:7)
  2 black bears
  2 ice beasts
  A sky beast (D:8)
  2 ogres
  2 centaurs
  2 phantoms
  3 necrophages
  2 bullfrogs (D:7)
  4 scorpions
  9 wights
  A howler monkey (D:7)
  2 jellies
  A gnoll bouda (D:3)
  An orc priest (D:5)
  3 hounds
  4 iguanas
  12 gnolls
  4 adders
  A shadow imp (D:6)
  A white imp (D:6)
  3 dart slugs
  9 orcs
  6 bats
  10 endoplasms
  2 giant cockroaches
  7 goblins
  9 hobgoblins
  2 quokkas (D:1)
  6 ball pythons
  4 frilled lizards
  7 kobolds
  6 rats
133 creatures vanquished.

Notes
Turn   | Place    | Note
-------+----------+-------------------------------------------
     0 | D:5      | leafyfresh the Octopode Delver began the quest for the Orb.
     0 | D:5      | Reached XP level 1. HP: 16/16 MP: 1/1
    39 | D:4      | Reached XP level 2. HP: 21/21 MP: 2/2
   584 | D:3      | Reached XP level 3. HP: 26/26 MP: 3/3
   688 | D:3      | Found an ornate altar of the Wu Jian Council.
  1054 | D:3      | Found a burning altar of Makhleb.
  1705 | D:2      | Found an opulent altar of Gozag.
  1808 | D:2      | Reached XP level 4. HP: 19/32 MP: 4/4
  3182 | D:2      | Reached XP level 5. HP: 30/37 MP: 5/5
  3662 | D:4      | Noticed Edmund
  3878 | D:4      | Found a staircase to the Ecumenical Temple.
  3890 | Temple   | Entered the Ecumenical Temple
  3895 | Temple   | Became a worshipper of Ashenzari the Shackled
  3980 | D:4      | Found Guadeum's Lightly-Used Armoury.
  3984 | D:4      | Reached XP level 6. HP: 32/44 MP: 6/6
  4713 | D:4      | Found a sacrificial altar of Ru.
  4714 | D:4      | Found an ancient bone altar of Kikubaaqudgha.
  5071 | D:5      | Reached XP level 7. HP: 22/49 MP: 7/7
  5338 | D:5      | Reached skill level 5 in Fighting
  5381 | D:5      | Learned a level 5 spell: Blade Hands
  5776 | D:3      | Reached skill level 1 in Transmutations
  7682 | D:4      | Killed Edmund
  7733 | D:5      | Found a white marble altar of Elyvilon.
  8317 | D:6      | Found Teciosuott's Antique Weapon Boutique.
  8354 | D:6      | Reached XP level 8. HP: 54/56 MP: 8/8
  8392 | D:6      | Reached skill level 5 in Transmutations
  8787 | D:6      | Identified the +1 helmet of Death Resistance {Int+4}
  9230 | D:7      | Reached XP level 9. HP: 50/61 MP: 9/9
  9232 | D:7      | Reached * piety under Ashenzari
  9266 | D:7      | Noticed a hornet
  9735 | D:7      | Reached skill level 1 in Unarmed Combat
  9856 | D:7      | Killed a hornet
 10251 | D:7      | Found Dyum Qit's Armour Shop.
 10509 | D:8      | Reached skill level 5 in Unarmed Combat
 10515 | D:8      | Slain by a wight

Illustrated notes

Levels and vault maps discovered:
D:1:      lemuel_arrival_behind_the_door_small, layout_basic,
          serial_corexii_hall, corexii_hall_statues_x, corexii_hall_statues_l
D:2:      layout_basic, basic_altar, minmay_small_reverse_x
D:3:      layout_basic, nicolae_wu_jian_immortal_techniques,
          lightli_temple_of_fire, kennysheep_crisscross
D:4:      layout_basic, gammafunk_temple_overflow_pools,
          minmay_temple_entry_tees, minmay_shop_damaged, uniq_edmund
D:5:      layout_gridville, elyvilon_altar_5
D:6:      layout_basic, serial_shops, nicolae_shop_overgrown_old_shop
D:7:      layout_gridville, serial_shops, shop
D:8:      layout_rooms, kennysheep_mini, serial_shops,
          nicolae_shop_window_shopping
Temple:   hellmonk_temple_of_storms

Skill      XL: |  1  2  3  4  5  6  7  8  9 |
---------------+----------------------------+-----
Stealth        | 7 8 9 |  9.0
Dodging        | 3 4 |  4.5
Fighting       | 4 5 |  5.1
Transmutations | 4 8 9 |  9.5
Unarmed Combat | 5 |  5.5
Short Blades   | |  2.2

Action                   |  1- 3 |  4- 6 |  7- 9 || total
-------------------------+-------+-------+-------++-------
Melee: Short sword       |    51 |   107 |    71 ||   229
       Constrict         |    10 |    22 |    26 ||    58
       Tentacles         |    12 |    18 |    32 ||    62
       Mace              |       |     4 |       ||     4
       Punch             |       |     2 |     3 ||     5
       Great sword       |       |       |     7 ||     7
       Flail             |       |       |     5 ||     5
       Unarmed           |       |       |    32 ||    32
       Falchion          |       |       |    16 ||    16
 Cast: Blade Hands       |       |       |    10 ||    10
Invok: Curse Item        |       |       |     2 ||     2
Evoke: Wand              |       |       |     4 ||     4
  Use: Potion            |       |     1 |     1 ||     2
       Scroll            |       |       |     8 ||     8
 Stab: Sleeping          |    13 |    20 |    21 ||    54
       Distracted        |       |     1 |     1 ||     2
Armor: Skin              |     2 |    10 |     5 ||    17
Dodge: Dodged            |    24 |    45 |    79 ||   148
